 Dungeon Crawl Stone Soup version 0.20.0-10-g0535bb4 (webtiles) character file.

135 MTVSty1e the Skirmisher (level 5, -3/57 HPs)
             Began as an Ogre Fighter on June 3, 2017.
             Splashed by a jelly's acid (9 damage)
             ... on level 2 of the Dungeon.
             The game lasted 00:02:14 (1415 turns).

MTVSty1e the Skirmisher (Ogre Fighter)              Turns: 1415, Time: 00:02:16

Health: -3/57      AC: -1    Str: 21    XL:     5   Next: 18%
Magic:  5/5        EV:  8    Int:  9    God:
Gold:   46         SH:  8    Dex:  8    Spells: 4/4 levels left

rFire    . . .     SeeInvis .   a - +0 war axe
rCold    . . .     Gourm    .   c - +0 shield
rNeg     . . .     Faith    .   b - +0 robe
rPois    .         Spirit   .   (helmet restricted)
rElec    .         Reflect  .   (no cloak)
rCorr    .         Harm     .   (gloves unavailable)
MR       .....                  (boots unavailable)
Stlth    +.........             (no amulet)
Regen    0.2/turn               (no ring)
MPRegen  0.1/turn               (no ring)

@: corroded
A: unfitting armour, tough skin 1
a: no special abilities


You were on level 2 of the Dungeon.
You were hungry.

You visited 1 branch of the dungeon, and saw 2 of its levels.

You collected 46 gold pieces.

Inventory:

Hand Weapons
 a - a +0 war axe (weapon)
Armour
 b - a +0 robe (worn)
 c - a +0 shield (worn)
Scrolls
 i - 2 scrolls of fog {unknown}
 j - 3 scrolls of teleportation {unknown}
 m - 2 scrolls of amnesia {unknown}
 n - a scroll of identify {unknown}
 p - a scroll of recharging {unknown}
 q - a scroll of enchant armour {unknown}
Potions
 d - a potion of might
 e - a potion of cancellation {unknown}
 g - a potion of mutation {unknown}
 k - a potion of haste
 o - a potion of invisibility {unknown}
Comestibles
 f - a bread ration
 h - 2 fruits
 l - a royal jelly


   Skills:
 + Level 5.5 Fighting
 * Level 3.1 Axes
 - Level 2.6 Dodging
 - Level 2.6 Shields


You had 4 spell levels left.
You didn't know any spells.

Dungeon Overview and Level Annotations

Branches:
Dungeon (2/15)

Altars:
Nemelex Xobeh


Innate Abilities, Weirdness & Mutations

You are too large for most types of armour.
You have tough skin. (AC +1)


Message History

Your extra speed is starting to run out.
You start resting.
You are no longer corroded.
You start resting.
You feel yourself slow down.
You start resting.
An ooze is nearby!
An ooze is nearby!
An ooze is nearby!
Things that are here:
a whip; a kobold corpse You feel a little less mighty now.
The jelly quivers.
You hit the jelly.
Your hands burn!
* * * LOW HITPOINT WARNING * * *
The jelly is moderately wounded.
You block the jelly's attack. The jelly hits you.
* * * LOW HITPOINT WARNING * * *
The acid corrodes you!
You are splashed with acid!
The acid burns!
You die...

#..#.#..# #.# ###. #....#..# #.#
#####... .....#..####.# #...⌠.⌠.
.............# #...._..
.....#.####### #########...⌠.⌠.
#....#############.....÷##...#...
.....####......##JPJPJ..##....>..
.>....##.......#J#......##..###..
......'........#@#PJP.JP##..###..
......)(.......#.#J.J...##.......
......').....#'#)#.÷..PP##.......
......##.....#.#.#.....÷##.#.####
.....(###....#.#.#J...J÷##.#.....
......#########.##.÷J..$##.......
.....<.########## #.#.....
.(.(.........#############.#.####
.........##......................


You could see a jelly and an ooze (wandering).

Vanquished Creatures
  A jelly (D:2)
  Jessica (D:2)
  A gnoll (D:1)
  7 oozes (D:2)
  A ball python (D:1)
  A giant cockroach (D:1)
  5 goblins
  3 hobgoblins
  A jackal (D:1)
  12 kobolds
  6 bats
  5 frilled lizards
  2 rats
46 creatures vanquished.

Vanquished Creatures (others)
  A fungus (D:2)
  8 toadstools (D:2)
9 creatures vanquished.

Grand Total: 55 creatures vanquished

Notes
Turn   | Place    | Note
-------+----------+-------------------------------------------
     0 | D:1      | MTVSty1e the Ogre Fighter began the quest for the Orb.
     0 | D:1      | Reached XP level 1. HP: 24/24 MP: 1/1
    55 | D:1      | Reached XP level 2. HP: 31/33 MP: 2/2
   324 | D:1      | Reached XP level 3. HP: 40/40 MP: 3/3
  1001 | D:2      | Found a sparkling altar of Nemelex Xobeh.
  1215 | D:2      | Noticed Jessica
  1223 | D:2      | Killed Jessica
  1223 | D:2      | Reached skill level 5 in Fighting
  1223 | D:2      | Reached XP level 4. HP: 48/50 MP: 4/4
  1349 | D:2      | Reached XP level 5. HP: 11/57 MP: 5/5
  1357 | D:2      | HP: 1/57 [ooze (4)]
  1415 | D:2      | Splashed by a jelly's acid

Skill      XL: |  1  2  3  4 |
---------------+-------------+-----
Axes           | 2 3 |  3.1
Fighting       | 5 |  5.5
Dodging        | |  2.6
Shields        | |  2.6

Action                   |  1- 3 |  4- 6 || total
-------------------------+-------+-------++-------
Melee: War axe           |   100 |    39 ||   139
  Use: Potion            |       |     2 ||     2
  Eat: Chunk             |     1 |       ||     1
Armor: Robe              |    39 |     6 ||    45
Dodge: Dodged            |    46 |    15 ||    61
Block: Shield            |    43 |    18 ||    61
